 Dungeon Crawl Stone Soup version 0.27.1-34-g3ba077fa99 (webtiles) character file.

Game seed: 14909766668999604856

235 Renzlar the Shield-Bearer (level 6, -4/53 HPs)
             Began as a Gnoll Fighter on Jan 22, 2022.
             Slain by an ogre (23 damage)
             ... on level 4 of the Dungeon.
             The game lasted 00:07:53 (2439 turns).

Renzlar the Shield-Bearer (Gnoll Fighter)           Turns: 2439, Time: 00:07:53

Health: -4/53      AC:  9    Str: 17    XL:     6   Next: 6%
Magic:  8/8        EV:  8    Int:  7    God:
Gold:   134        SH: 11    Dex: 12    Spells: 8/8 levels left

rFire    . . .     SeeInvis .   a - +0 war axe
rCold    . . .     Faith    .   c - +1 kite shield
rNeg     . . .     Spirit   .   b - +0 scale mail
rPois    .         Reflect  .   (no helmet)
rElec    .         Harm     .   (no cloak)
rCorr    .         Rampage  .   h - +0 pair of gloves
Will     .....                  (no boots)
Stlth    ..........             o - amulet of regeneration
HPRegen  1.17/turn              (no ring)
MPRegen  0.11/turn              (no ring)

@: no status effects
A: fangs 1, strong nose, distributed training
a: no special abilities


You were on level 4 of the Dungeon.
You visited 1 branch of the dungeon, and saw 4 of its levels.

You collected 134 gold pieces.

Inventory:

Hand Weapons
 a - a +0 war axe (weapon)
 j - a +0 short sword of electrocution
 m - a +3 spear
Missiles
 e - 67 stones (quivered)
 p - 14 bolts
Armour
 b - a +0 scale mail (worn)
 c - a +1 kite shield (worn)
 h - a +0 pair of gloves (worn)
Jewellery
 o - an amulet of regeneration (around neck)
Scrolls
 f - a scroll of teleportation
Potions
 d - a potion of might
 g - 2 potions of lignification
 i - 2 potions of cancellation {unknown}
 k - a potion of heal wounds {unknown}
 n - a potion of attraction {unknown}
 q - a potion of berserk rage {unknown}
 r - a potion of curing {unknown}


   Skills:
 + Level 6.8 Fighting
 + Level 1.8 Short Blades
 + Level 1.8 Long Blades
 + Level 4.9 Axes
 + Level 1.8 Maces & Flails
 + Level 1.8 Polearms
 + Level 1.8 Staves
 + Level 1.8 Slings
 + Level 1.8 Bows
 + Level 1.8 Crossbows
 + Level 1.8 Throwing
 + Level 6.8 Armour
 + Level 1.8 Dodging
 + Level 1.8 Stealth
 + Level 6.8 Shields
 + Level 1.8 Unarmed Combat
 + Level 1.8 Spellcasting
 + Level 1.4 Conjurations
 + Level 1.4 Hexes
 + Level 1.4 Summonings
 + Level 1.4 Necromancy
 + Level 1.4 Translocations
 + Level 1.4 Transmutations
 + Level 1.4 Fire Magic
 + Level 1.4 Ice Magic
 + Level 1.4 Air Magic
 + Level 1.4 Earth Magic
 + Level 1.4 Poison Magic
 + Level 2.0 Invocations
 + Level 1.8 Evocations


You had 8 spell levels left.
You didn't know any spells.
Your spell library contained the following spells:

 Spells                   Type           Power      Damage    Failure   Level
 Magic Dart               Conj           8%         1d3       88%         1
 Searing Ray              Conj           4%         3d3       96%         2
 Fulminant Prism          Conj/Hex       1%         3d6       100%        4


Dungeon Overview and Level Annotations

Branches:
Dungeon (4/15)
 Temple: D:4-7

Altars:
Nemelex Xobeh

Shops:
D:1 [


Innate Abilities, Weirdness & Mutations

You have very sharp teeth.
Your uncanny sense of smell can sniff out nearby items.
Your experience applies equally to all skills.


Message History

Throw: 70 stones
Press: ? - help, Q - select action Shift-Dir - straight line, f/p - ogre
Aim: an ogre, wielding a +0 giant club (75% to hit)
You throw a stone. The stone completely misses the ogre.
Throw: 69 stones
Press: ? - help, Q - select action Shift-Dir - straight line, f/p - ogre
Aim: an ogre, wielding a +0 giant club (75% to hit)
You throw a stone. The stone barely misses the ogre.
Throw: 68 stones
Press: ? - help, Q - select action Shift-Dir - straight line, f/p - ogre
Aim: an ogre, wielding a +0 giant club (75% to hit)
You throw a stone.
The stone hits the ogre but does no damage.
You hit the ogre but do no damage. The ogre hits you with a +0 giant club!
You hit the ogre.
The ogre is lightly wounded.
The ogre barely misses you.
You hit the ogre.
The ogre is lightly wounded.
You block the ogre's attack.
You hit the ogre.
The ogre is moderately wounded.
The ogre closely misses you.
Your scale mail prevents you from hitting the ogre.
The ogre is moderately wounded.
The ogre hits you with a +0 giant club!!
Ouch! That really hurt!
* * * LOW HITPOINT WARNING * * *
You hit the ogre but do no damage.
The ogre is moderately wounded.
Your +0 short sword of electrocution stops crackling.
a - a +0 war axe (weapon)
You block the ogre's attack.
You slash the ogre!
The ogre is heavily wounded.
The ogre misses you.
You barely miss the ogre.
The ogre is heavily wounded.
The ogre hits you with a +0 giant club!!
You die...

####..##.#
########......#$
..............#
#..............♣#
#...............♣##.
#............!......
#................#
#...............##
#.........@O(....(>.
#...................
#...................
#........#######....
#[.......# ....
#........# ...
#........#
#........#
#<.......#


You could see an ogre.

Vanquished Creatures
  A phantom (D:3)
  A centaur skeleton (D:4)
  A hound skeleton (D:4)
  4 adders
  A worm (D:2)
  2 dart slugs
  4 ball pythons
  6 bats
  7 endoplasms
  3 giant cockroaches
  6 hobgoblins
  4 jackals
  9 kobolds
  2 quokkas
  5 frilled lizards
  5 goblins
  7 rats
68 creatures vanquished.

Notes
Turn   | Place    | Note
-------+----------+-------------------------------------------
     0 | D:1      | Renzlar the Gnoll Fighter began the quest for the Orb.
     0 | D:1      | Reached XP level 1. HP: 23/23 MP: 1/1
    87 | D:1      | Reached XP level 2. HP: 24/29 MP: 2/2
   175 | D:1      | Found a faded altar of an unknown god.
   215 | D:1      | Reached XP level 3. HP: 32/35 MP: 3/3
   504 | D:1      | Reached skill level 1 in Invocations
   644 | D:1      | Found Vorukluh's Antique Armour Emporium.
   848 | D:2      | Found a sparkling altar of Nemelex Xobeh.
   905 | D:2      | Reached skill level 1 in Short Blades
   905 | D:2      | Reached skill level 1 in Long Blades
   905 | D:2      | Reached skill level 1 in Maces & Flails
   905 | D:2      | Reached skill level 1 in Polearms
   905 | D:2      | Reached skill level 1 in Staves
   905 | D:2      | Reached skill level 1 in Slings
   905 | D:2      | Reached skill level 1 in Bows
   905 | D:2      | Reached skill level 1 in Crossbows
   905 | D:2      | Reached skill level 1 in Throwing
   905 | D:2      | Reached skill level 1 in Dodging
   905 | D:2      | Reached skill level 1 in Stealth
   905 | D:2      | Reached skill level 1 in Unarmed Combat
   905 | D:2      | Reached skill level 1 in Spellcasting
   905 | D:2      | Reached skill level 1 in Evocations
  1092 | D:2      | Reached XP level 4. HP: 41/41 MP: 5/5
  1530 | D:2      | Reached skill level 1 in Conjurations
  1530 | D:2      | Reached skill level 1 in Hexes
  1530 | D:2      | Reached skill level 1 in Summonings
  1530 | D:2      | Reached skill level 1 in Necromancy
  1530 | D:2      | Reached skill level 1 in Translocations
  1530 | D:2      | Reached skill level 1 in Transmutations
  1530 | D:2      | Reached skill level 1 in Fire Magic
  1530 | D:2      | Reached skill level 1 in Ice Magic
  1530 | D:2      | Reached skill level 1 in Air Magic
  1530 | D:2      | Reached skill level 1 in Earth Magic
  1530 | D:2      | Reached skill level 1 in Poison Magic
  2361 | D:4      | Noticed a phantom
  2374 | D:3      | Killed a phantom
  2375 | D:3      | Reached XP level 5. HP: 44/47 MP: 5/7
  2421 | D:4      | Reached XP level 6. HP: 53/53 MP: 8/8
  2439 | D:4      | Slain by an ogre

Illustrated notes

Levels and vault maps discovered:
D:1:      minmay_arrival_shattered_statue, layout_rooms, serial_shops, shop,
          hellmonk_ecumenical_altar_lost_god, serial_corexii_hall,
          corexii_hall_statues_i, corexii_hall_statues_l,
          corexii_hall_statues_l, corexii_hall_statues_u
D:2:      layout_basic, basic_altar, minmay_split_cup_small
D:3:      layout_basic, minmay_quantized
D:4:      layout_gridville, minmay_temple_entry_grid,
          gammafunk_ghost_abyssal_escape, minmay_fractal_squares_gapless_5,
          uniq_blork_the_orc, uniq_eustachio

Skill      XL: |  1  2  3  4  5 |
---------------+----------------+-----
Invocations    | 1 2 |  2.0
Short Blades   | 1 |  1.8
Long Blades    | 1 |  1.8
Maces & Flails | 1 |  1.8
Polearms       | 1 |  1.8
Staves         | 1 |  1.8
Slings         | 1 |  1.8
Bows           | 1 |  1.8
Crossbows      | 1 |  1.8
Throwing       | 1 |  1.8
Dodging        | 1 |  1.8
Stealth        | 1 |  1.8
Unarmed Combat | 1 |  1.8
Spellcasting   | 1 |  1.8
Evocations     | 1 |  1.8
Conjurations   | 1 |  1.4
Hexes          | 1 |  1.4
Summonings     | 1 |  1.4
Necromancy     | 1 |  1.4
Translocations | 1 |  1.4
Transmutations | 1 |  1.4
Fire Magic     | 1 |  1.4
Ice Magic      | 1 |  1.4
Air Magic      | 1 |  1.4
Earth Magic    | 1 |  1.4
Poison Magic   | 1 |  1.4
Fighting       | |  6.8
Axes           | |  4.9
Armour         | |  6.8
Shields        | |  6.8

Action                   |  1- 3 |  4- 6 || total
-------------------------+-------+-------++-------
Melee: War axe           |    90 |     2 ||    92
       Bite              |    10 |    11 ||    21
       Short sword       |     1 |    91 ||    92
Throw: Stone             |     3 |     9 ||    12
  Use: Scroll            |       |     4 ||     4
Armor: Scale mail        |    55 |    26 ||    81
Dodge: Dodged            |    22 |    27 ||    49
Block: Kite shield       |    67 |    39 ||   106
